[Event "Azerbaijan Men Championship 2024"]
[Site "Baku"]
[Date "2024.04.18"]
[Round "8.1"]
[White "Sadikhov, Ulvi"]
[Black "Muradli, Mahammad"]
[Result "0-1"]
[ECO "A36"]
[WhiteElo "2497"]
[BlackElo "2555"]
[Annotator "TA"]
[PlyCount "76"]
[EventDate "2024.04.11"]
[EventType "swiss"]
[EventCountry "AZE"]
[SourceTitle "playchess.com"]
[Source "ChessBase"]
[SourceQuality "1"]
[TimeControl "40/5400+30:1800+30"]

1. c4 c5 2. g3 g6 3. Bg2 Bg7 4. Nc3 Nc6 5. a3 b6 {[%emt 0:06:25] [#]} 6. b4 $1 {[%emt 0:03:24] Strongly threatening b5.} Bb7 7. bxc5 Bxc3 8. dxc3 bxc5 {[%emt 0:00:04] The position is equal.} 9. Rb1 Qc7 10. Qd5 Rc8 11. Qxc5 Nd8 12. Qxc7 (12. Qxa7 $2 Bxg2 13. Qxc7 Rxc7 $19) 12... Rxc7 13. Bxb7 Rxb7 14. Rxb7 Nxb7 15. Nf3 Nf6 16. O-O Ne4 17. Be3 O-O 18. Rb1 Na5 19. Bxa7 Ra8 20. Bd4 d6 21. Rb4 Rc8 22. a4 f6 23. Rb5 Nxc4 24. a5 {[%emt 0:00:02] Threatens to win with a6.} Ra8 ({Don't blunder} 24... e5 $2 25. a6 Na3 (25... exd4 $2 26. a7 $18) 26. Rb3 $18) 25. Rb4 d5 ({But not} 25... Nxa5 $6 26. Ra4 $16) 26. Rb7 {[%emt 0:01:57] [#]} (26. Ne1 $15) 26... e5 $1 $17 ({Worse is} 26... Rxa5 27. Rxe7 Ncd6 28. Rd7 $16) 27. Bb6 Nxc3 {[%emt 0:01:38] Black is more active.} 28. e3 Nxa5 29. Rd7 Nc4 30. Ba7 Rc8 31. g4 Nb5 {[%emt 0:03:30] A dynamic duo of knights.} 32. g5 $2 {[%emt 0:00:15] Loses the game.} (32. Rb7 $17 Nbd6 33. Rd7) 32... e4 $19 33. Nd4 Ne5 {[%emt 0:00:02] Hoping for ...Nxd4.} 34. Re7 Nxd4 35. Bxd4 Nf3+ 36. Kg2 fxg5 {[%emt 0:00:25] White must now prevent ...Rc1.} 37. Rg7+ Kf8 {[%emt 0:00:02] ( -> ...Rc1)} 38. Rd7 $2 (38. Ra7 $19) 38... Rc1 {[%emt 0:00:36] Weighted Error Value: White=0.34/Black=0.05 (flawless) .  Loses game:     	White=1     	---        Mistake:       	White=2     	---        Inaccurate:     	White=4     	Black=4      OK:         	White=13    	Black=15     Best:        	White=2     	Black=5      Strong:       	---       	Black=1} 0-1

[Event "Azerbaijan Men Championship 2024"]
[Site "Baku"]
[Date "2024.04.18"]
[Round "8.2"]
[White "Suleymanli, Aydin"]
[Black "Rasulov, Vugar"]
[Result "1-0"]
[ECO "C84"]
[WhiteElo "2607"]
[BlackElo "2551"]
[Annotator "TA"]
[PlyCount "69"]
[EventDate "2024.04.11"]
[EventType "swiss"]
[EventCountry "AZE"]
[SourceTitle "playchess.com"]
[Source "ChessBase"]
[SourceQuality "1"]
[TimeControl "40/5400+30:1800+30"]

1. e4 e5 2. Nf3 Nc6 3. Bb5 a6 4. Ba4 Nf6 5. O-O Be7 6. d3 b5 7. Bb3 d6 8. c3 O-O 9. h3 Bb7 10. a4 Nb8 11. axb5 {[%emt 0:01:27] White has an edge.} axb5 12. Rxa8 Bxa8 13. Na3 c6 14. Nc2 Nbd7 15. Ne3 Re8 16. Re1 Bf8 17. Nh2 d5 18. Qf3 Nc5 19. Bc2 b4 20. Nhg4 b3 {[%emt 0:07:34] Threatens to win with ...Nxg4.} 21. Bb1 dxe4 22. Qg3 Nxg4 (22... exd3 $2 23. Nh6+ (23. Nxe5 $2 Nce4 $19) 23... Kh8 24. Nxf7+ Kg8 25. Nxd8 $18) 23. Nxg4 Re6 (23... exd3 $2 24. Nh6+ (24. Nxe5 $2 d2 $19) 24... Kh8 25. Nxf7+ Kg8 26. Nxd8 $18) 24. dxe4 {[%emt 0:04:50] Nh6+ is the strong threat.} (24. Nxe5 $6 exd3 25. Qf4 Qc7 $15) 24... Qe8 25. Rd1 Bb7 26. Bg5 (26. Nh6+ Kh8 27. Nf5 (27. Rd8 Qe7 $17) 27... Ba6 $11) 26... Nd7 27. Bd3 {[%emt 0:02:35][%cal Bb1d3,Bd3e2,Be2d1,Bd1b3][%mdl 32] White has more active pieces.} (27. Nh6+ Kh8 28. Nf5 h6 $14) 27... Rg6 {[%emt 0:03:50] [#]} 28. Qh4 (28. Qe3 $1 $16) 28... Rd6 $1 $11 {[%emt 0:02:25] White must now prevent ...Ba6.} 29. Be2 Rxd1+ 30. Bxd1 Qe6 $1 31. Qg3 Kh8 32. Qd3 $36 {[%emt 0:04:13][%cal Od1b3][%mdl 2048] Bxb3! would now be deadly. White has the initiative.} Nc5 33. Qd8 Kg8 {[%emt 0:01:57] [#] Black is weak on the dark squares} (33... Qc8 $1 $14) 34. Be3 $1 $16 Na4 {[%emt 0:04:14][%mdl 8192] [#]} (34... Nd7 $16 35. Nh2 Qe7) 35. Bxb3 $1 {[%emt 0:00:51][%mdl 512] Weighted Error Value: White=0.10 (very precise) /Black=0.14 (very precise) .  Loses game:     	---       	Black=1      Mistake:       	White=1     	Black=1      Inaccurate:     	White=1     	Black=4      OK:         	White=7     	Black=6      Strong:       	White=1     	Black=2      Brilliant:      	White=1     	---} 1-0

[Event "Azerbaijan Men Championship 2024"]
[Site "Baku"]
[Date "2024.04.18"]
[Round "8.3"]
[White "Gadimbayli, Abdulla"]
[Black "Babazada, Khazar"]
[Result "1/2-1/2"]
[ECO "C50"]
[WhiteElo "2489"]
[BlackElo "2474"]
[Annotator "TA"]
[PlyCount "46"]
[EventDate "2024.04.11"]
[EventType "swiss"]
[EventCountry "AZE"]
[SourceTitle "playchess.com"]
[Source "ChessBase"]
[SourceQuality "1"]
[TimeControl "40/5400+30:1800+30"]

1. e4 e5 2. Nf3 Nc6 3. Bc4 Nf6 4. d3 Bc5 5. Nc3 h6 6. a3 a6 7. Nd5 d6 8. Be3 Bxe3 9. fxe3 Nxd5 10. Bxd5 Ne7 11. Bb3 Ng6 12. O-O {[%emt 0:08:50][%cal Ob3f7] [#] Bxf7+! would now be deadly.} O-O 13. Qe1 Be6 14. Bxe6 fxe6 15. Qg3 Rf6 16. Rf2 Qe7 17. h4 Raf8 18. Raf1 (18. h5 $5 Nh8 $8 19. Rd1 $11) 18... R8f7 19. Kh1 Kh8 20. Kg1 Kg8 21. Kh1 Kh8 (21... Nf8 $11) 22. Kg1 Kg8 23. Kh1 Kh8 {[%emt 1:14:50] Not much happened in this game.   Weighted Error Value: White=0.09 (flawless) /Black=0.09 (flawless) .  Mistake:       	---       	Black=1      Inaccurate:     	White=2     	Black=1      OK:         	White=2     	Black=9} 1/2-1/2

[Event "Azerbaijan Men Championship 2024"]
[Site "Baku"]
[Date "2024.04.18"]
[Round "8.4"]
[White "Samadov, Read"]
[Black "Iskandarov, Misratdin"]
[Result "1-0"]
[ECO "E98"]
[WhiteElo "2502"]
[BlackElo "2538"]
[Annotator "TA"]
[PlyCount "79"]
[EventDate "2024.04.11"]
[EventType "swiss"]
[EventCountry "AZE"]
[SourceTitle "playchess.com"]
[Source "ChessBase"]
[SourceQuality "1"]
[TimeControl "40/5400+30:1800+30"]

1. d4 d6 2. Nf3 Nf6 3. c4 g6 4. Nc3 Bg7 5. e4 O-O 6. Be2 e5 7. O-O Nc6 8. d5 Ne7 9. Ne1 Ne8 10. Nd3 f5 11. f3 f4 12. a4 g5 13. a5 h5 14. b4 {[%emt 0:04:37] White is more active. White is slightly better.} Nf6 15. c5 Ng6 16. Nf2 Rf7 17. Kh1 Bf8 18. c6 b5 {[%emt 0:10:29] [#] Loses the game.} 19. axb6 $1 $18 (19. Bxb5 $6 g4 $16) 19... cxb6 20. Rg1 g4 $2 (20... Rg7 {might work better.} 21. Bd2 h4) 21. fxg4 hxg4 22. Nxg4 (22. Bxg4 Nxg4 23. Nxg4 Qh4 $16) 22... Rh7 23. g3 Bg7 24. Ra2 fxg3 (24... Ne8 {keeps fighting.} 25. Nf2 Qg5) 25. Rxg3 Nf4 26. Nxf6+ Qxf6 {[%emt 0:00:50] Black is weak on the light squares} 27. Bg4 Rh4 28. Bxc8 Rxc8 29. Qf3 (29. Rxa7 Rxh2+ 30. Kg1 Rh1+ 31. Kf2 Nd3+ (31... Rxd1 $2 32. Rgxg7+ Qxg7 33. Rxg7+ Kxg7 34. Nxd1 $19) 32. Kg2 Qf2+ (32... Rxd1 33. Nxd1 Nxc1 34. Ne3 $17) 33. Kxh1 Qxg3 $19) 29... Rf8 30. Rxa7 Rh7 31. Bxf4 exf4 32. Rg2 Qd4 33. Ne2 Qxb4 34. Ng1 (34. Qg4 $142 Qb2 35. c7 (35. Nxf4 Qb1+ 36. Rg1 Qxe4+ 37. Qg2 Rxh2+ 38. Kxh2 Qxf4+ 39. Qg3 Qh6+ 40. Kg2 Qd2+ 41. Kh3 Qh6+ 42. Qh4 Rf3+ 43. Rg3 Rxg3+ 44. Kxg3 Qe3+ 45. Kg2 Qe2+ 46. Qf2 Qg4+ 47. Qg3 Qe2+ 48. Kg1 Qd1+ 49. Kf2 Qc2+ 50. Kf3 Qd3+ 51. Kf4 Qc4+ 52. Ke3 Qc3+ 53. Kf2 Qd2+ 54. Kg1 Qd1+ 55. Kf2 Qd2+ 56. Kg1 Qd1+ $11)) 34... Kh8 35. Rd7 {[%emt 0:01:39] [#] Black must now prevent c7.} Qc5 36. c7 {[%emt 0:01:52] Threatening mate with Qg4.} Qc1 37. h3 (37. e5 $142 dxe5 38. d6) 37... b5 38. Kh2 {[%emt 0:00:53][%cal Of3g4] Intending Qg4! and mate.} ({Not} 38. Rxd6 Qxc7 39. Rc6 Qd8 $18) 38... b4 39. Ne2 ({Worse is} 39. Rxd6 Qxc7 40. Rc6 Qb8 $11) 39... Qa1 40. Rd8 {[%emt 0:00:00] Weighted Error Value: White=0.33/Black=0.66.  Mistake:       	---       	Black=3      Inaccurate:     	---       	Black=2      OK:         	White=11    	Black=5} 1-0

[Event "Azerbaijan Men Championship 2024"]
[Site "Baku"]
[Date "2024.04.18"]
[Round "8.5"]
[White "Manafov, Vugar"]
[Black "Hasanzade, Toghrul"]
[Result "1/2-1/2"]
[ECO "A13"]
[WhiteElo "2424"]
[BlackElo "2350"]
[Annotator "TA"]
[PlyCount "109"]
[EventDate "2024.04.11"]
[EventType "swiss"]
[EventCountry "AZE"]
[SourceTitle "playchess.com"]
[Source "ChessBase"]
[SourceQuality "1"]
[TimeControl "40/5400+30:1800+30"]

1. Nf3 Nf6 2. c4 e6 3. b3 d5 4. Bb2 c5 5. e3 Nc6 6. cxd5 exd5 7. Bb5 Bd6 8. O-O Bg4 9. d4 cxd4 10. Bxd4 O-O 11. Bxc6 bxc6 12. h3 Bh5 13. Nbd2 Re8 14. Qc2 Ne4 15. Qxc6 Re6 16. Qb5 Rb8 17. Qd3 Qd7 18. Nh4 Bb4 19. Ndf3 $1 Rbe8 20. Nh2 (20. Rac1 $14) 20... Bd6 21. f4 Ng3 22. Rf2 Re4 23. N2f3 (23. Nf1 Ne2+ 24. Rxe2 Bxe2 $17 (24... Rxd4 $2 25. Qf5 $18)) ({White should play} 23. N4f3 $1 $11) 23... Bxf3 (23... h6 $15 24. Nd2 Ne2+ 25. Kh1 (25. Rxe2 Bxe2 26. Qc3 Rc8 $17) 25... Rxd4 26. exd4 Nxf4 (26... Bxf4 27. Nf5 $11)) 24. gxf3 $2 {[%emt 0:03:10] [#]} (24. Rxf3 Ne2+ 25. Qxe2 Rxd4 $17) (24. Nxf3 $14 {stays ahead.} Nf5 25. Ng5) 24... Rxd4 $1 $19 (24... Qxh3 25. Rh2 (25. fxe4 $2 Qh1#) 25... Rxd4 26. Qxd4 $14) 25. Qxd4 {[%emt 0:00:11] [#]} Be7 $1 (25... Qxh3 26. Rh2 (26. Qxd5 $2 Qh1#) 26... Qc8 27. Re1 $15 (27. Qxd5 Qc3 $11) (27. Qxa7 $2 Bc5 $19)) 26. f5 Bf6 $1 (26... Nxf5 27. Nxf5 Qxf5 28. Rd1 $16 (28. Qxa7 Bf6 $11)) 27. Qg4 Bxa1 (27... Rxe3 28. Ng2 Ne2+ (28... Nxf5 $2 29. Nxe3 Bxa1 30. Nxf5 $18) 29. Kf1 $11) 28. Qxg3 Rxe3 29. Rc2 (29. Ng2 $142 Be5 30. Qg4) 29... Re8 30. Qc7 $2 (30. f4) 30... Qb5 $19 31. Qc6 (31. Rc1 $142 Bb2 32. Rb1) 31... Re1+ $19 32. Kf2 Qf1+ 33. Kg3 h6 $2 (33... h5 34. Ng6 fxg6 35. Qxd5+ Kh7 36. fxg6+ Kxg6) 34. Ng2 $2 (34. Qxd5 $19 Be5+ 35. Kg4) 34... Be5+ 35. f4 Bd4 $2 (35... Bxf4+ {mates} 36. Kg4 h5+ 37. Kh4 Re4 38. Qxd5 Qf3 39. Rc8+ Kh7 40. Rh8+ Kxh8 41. Qd8+ Kh7 42. Qe7 Be5+ (42... Rxe7 {leads to mate.} 43. Nxf4 Qxf4+ 44. Kxh5 g6+ 45. fxg6+ fxg6#) (42... Bg3+ $2 {gets mated.} 43. Kg5 Rxe7 44. h4 Qg4#) 43. Nf4 Qxf4+ 44. Kxh5 Qh6#) 36. Qxd5 $2 (36. Nxe1 Qxe1+ 37. Kg2) 36... Qd3+ $2 (36... Rd1 $19 {and Black stays clearly on top. ( -> ...Rd3+)} 37. Qe4 Rd3+ 38. Kg4 Bf6) 37. Qf3 $17 Qxc2 38. Nxe1 Qxf5 (38... Qxa2 $17 {Strongly threatening ...Qb1.} 39. b4 Qb1) 39. Qd3 $11 Qc5 40. Nc2 (40. Nf3 $1 $11 Bf6 41. f5) 40... Bf6 $15 41. Ne3 Qc1 42. Kg2 Qa1 43. Qc2 g6 ({Black should try} 43... h5 $15) 44. a4 (44. Ng4 $11) 44... Kg7 45. Nd5 $2 (45. Qd2 $15) 45... Bd4 $19 46. Nc7 $2 (46. b4) 46... Qg1+ $19 47. Kf3 Qe3+ 48. Kg2 Qg1+ 49. Kf3 Qh1+ 50. Kg3 (50. Ke2 {was necessary.} Qxh3 51. Qe4 Qg4+ 52. Kd2) 50... Qg1+ 51. Kf3 $1 Qe3+ 52. Kg2 Qg1+ 53. Kf3 Qh1+ $2 (53... Qf1+ 54. Ke4 Ba1) 54. Kg3 $1 $19 Qg1+ 55. Kf3 $1 1/2-1/2

[Event "Azerbaijan Men Championship 2024"]
[Site "Baku"]
[Date "2024.04.18"]
[Round "8.6"]
[White "Ibrahimli, Murad"]
[Black "Guliyev, Namig"]
[Result "1/2-1/2"]
[ECO "A28"]
[WhiteElo "2396"]
[BlackElo "2509"]
[Annotator "TA"]
[PlyCount "131"]
[EventDate "2024.04.11"]
[EventType "swiss"]
[EventCountry "AZE"]
[SourceTitle "playchess.com"]
[Source "ChessBase"]
[SourceQuality "1"]
[TimeControl "40/5400+30:1800+30"]

1. c4 e5 2. Nc3 Nf6 3. Nf3 Nc6 4. e3 d5 5. cxd5 Nxd5 6. Bb5 Nxc3 7. bxc3 Bd6 8. O-O {[%emt 0:00:11] A28: English Opening: Four Knights Variation.} O-O 9. e4 Ne7 10. d4 Ng6 11. Bg5 f6 12. Be3 Kh8 $146 ({Predecessor:} 12... c6 13. Bc4+ Kh8 14. d5 Qc7 15. Qd2 f5 16. exf5 Bxf5 17. dxc6 bxc6 18. Ng5 Rad8 {0-1 Apro,A (2183)-Zauer,G (2033) HUN-chT2 Toth 1112 2011 (1.6)}) 13. Bc4 Qe7 14. Nd2 f5 15. exf5 Bxf5 16. Re1 Rae8 17. Bf1 exd4 18. Bxd4 Qxe1 19. Qxe1 Rxe1 20. Rxe1 c5 21. Be3 b6 22. Nc4 Bc7 23. g3 h6 24. h4 Rd8 25. h5 Ne5 26. Nxe5 Bxe5 27. Bxc5 $1 Bxc3 28. Re3 Bf6 29. Bb4 Bg4 30. Be7 Re8 31. Bxf6 Rxe3 (31... Bxh5 $2 {perishes.} 32. Be5 $18) 32. Bxg7+ Kxg7 33. fxe3 Kf6 34. Kf2 Bxh5 35. Ba6 Ke5 36. Bd3 Bg4 37. a3 Bf5 38. Ba6 Be4 39. Ke2 Kd6 40. Kd2 Kc5 41. Bf1 a5 42. Kc3 b5 43. Be2 Bd5 44. Bd3 $1 b4+ 45. axb4+ axb4+ 46. Kc2 Kd6 47. Kc1 Ke5 48. Kd2 Bf3 49. Bg6 Kf6 50. Be8 Kg5 51. Bd7 Be4 52. Be6 Bf5 53. Bd5 Kg4 54. e4 Bg6 55. Kd3 Kxg3 56. Kc4 (56. Kd4 $1 $11 {keeps the balance.}) 56... Kf4 $17 57. Kxb4 h5 $1 ({But not} 57... Bxe4 $6 58. Bf7 $11) 58. Kc3 Bxe4 59. Be6 Ke3 60. Bf7 h4 61. Be6 Bf3 62. Bd7 Bh5 63. Bc8 Kf3 64. Kd2 Bg4 (64... Bf7 $17) 65. Bxg4+ $11 Kxg4 66. Ke2 1/2-1/2

[Event "Azerbaijan Men Championship 2024"]
[Site "Baku"]
[Date "2024.04.18"]
[Round "8.7"]
[White "Hamidov, Allahverdi"]
[Black "Suleymanli, Suleyman"]
[Result "1/2-1/2"]
[ECO "D27"]
[WhiteElo "2091"]
[BlackElo "2246"]
[Annotator "TA"]
[PlyCount "202"]
[EventDate "2024.04.11"]
[EventType "swiss"]
[EventCountry "AZE"]
[SourceTitle "playchess.com"]
[Source "ChessBase"]
[SourceQuality "1"]
[TimeControl "40/5400+30:1800+30"]

1. d4 d5 2. c4 dxc4 3. Nf3 Nf6 4. e3 e6 5. Bxc4 c5 6. O-O a6 7. b3 b5 8. Be2 Bb7 9. Bb2 Nbd7 10. a4 b4 11. Nbd2 Be7 12. Rc1 O-O 13. Nc4 Rc8 14. Nfe5 Qc7 15. Bf3 Rfd8 16. Bxb7 Qxb7 17. Qf3 Qxf3 18. gxf3 Nxe5 19. dxe5 Nd5 20. f4 f5 21. Rc2 Rd7 22. Rfc1 h6 23. a5 g5 24. fxg5 hxg5 25. Nd6 Bxd6 26. exd6 Rxd6 27. Bd4 Rdc6 28. Rxc5 Nc3 29. Rxc6 Rxc6 $11 {[%emt 0:00:02][%mdl 4096] Endgame. KRB-KRN} 30. Kf1 {[%emt 0:01:05] Dodges Ne2} Kf7 31. Bxc3 bxc3 {[%emt 0:00:09] KR-KR} (31... Rxc3 $2 {perishes.} 32. Rxc3 bxc3 33. Ke2 $18) 32. Ke2 Rc5 33. Kd3 Rxa5 34. Rxc3 g4 {[%emt 0:07:26] Strongly threatening ...Ra2.} 35. Ke2 Ra1 36. Rc6 Kf6 37. Rc5 Rh1 38. Ra5 Rxh2 {[%emt 0:00:01] ...g3 is the strong threat.} 39. Kf1 Rh1+ 40. Kg2 Rb1 41. Rxa6 Rxb3 42. Ra5 Rb2 43. Rc5 (43. Kg3 $11) 43... Ke7 (43... e5 $1 $17) 44. Ra5 Rb4 45. Ra7+ Kf6 46. Ra5 Rb3 47. Rc5 Rd3 48. Ra5 Rd5 49. Ra6 Ke5 50. Rb6 Ra5 51. Kg3 Kd5 52. Kg2 e5 53. Rb4 (53. Kg3 $11) 53... Ra2 $1 $17 54. Kg3 Ra1 ({Black should play} 54... e4 $1 $17) 55. Rb5+ $11 Ke4 56. Kg2 Rd1 57. Rb4+ Kd3 58. Rb5 Ke4 59. Rb4+ Kd5 60. Rb5+ Ke6 61. Rb6+ Rd6 62. Rb5 (62. Rb2 $1 $11) 62... Kf6 ({Black should try} 62... e4 $1 $17) 63. Kg3 Rd8 64. Rb6+ Kg5 65. Rb5 {[%emt 0:00:30] [#]} (65. f4+ $11 {keeps the balance.} exf4+ 66. exf4+ Kh5 67. Rf6) 65... Re8 ({Better is} 65... e4 $1 $17) 66. Ra5 {[%emt 0:00:30] [#]} (66. f3 $11) 66... e4 $1 $17 67. Kg2 Rh8 68. Ra6 Rh3 (68... Rb8 $17) 69. Ra8 $11 Rf3 70. Kf1 Kf6 {[%emt 0:00:30] ...g3 would now be deadly.} (70... g3 $5 71. Rg8+ $8 Kh4 72. Rh8+ Kg5 73. Rg8+ Kh4 74. Rh8+ Kg4 75. Rg8+ Kh4 $11) 71. Rg8 Kf7 72. Rg5 Ke6 {[%emt 0:00:30] Hoping for ...g3.} 73. Ke2 (73. Rg6+ $11 Kf7 74. Rg5) 73... Rh3 $17 74. Kf1 Kf6 75. Rg8 Rh5 (75... Kf7 $17 76. Rg5 Kf6) 76. Kg2 $11 Kf7 77. Ra8 Rh3 78. Ra7+ Kf6 79. Ra8 (79. Ra6+ $11 Kg5 80. Ra8) 79... Rf3 (79... Rh6 $17) 80. Ra3 {[%emt 0:00:30] The position is equal.} Ke6 81. Ra6+ Kd5 82. Ra5+ Kc4 83. Ra4+ Kb3 84. Ra8 g3 85. fxg3 Rxe3 86. Ra5 Kc3 87. Rxf5 Re2+ 88. Kf1 Kd2 89. g4 Re1+ 90. Kg2 $1 e3 91. g5 e2 92. Rd5+ Ke3 {[%emt 0:00:28][%cal Oe1g1] ( -> ...Rg1+!)} 93. Re5+ $1 Kf4 94. Re8 {[%emt 0:00:06] Black must now prevent g6.} Kxg5 95. Kf2 Ra1 96. Rxe2 Ra5 97. Kf3 Rf5+ 98. Kg3 Kf6 99. Kg4 Rg5+ 100. Kh4 Re5 101. Rxe5 Kxe5 {[%emt 0:00:01] Weighted Error Value: White=0.12 (very precise) /Black=0.09 (flawless) .  Mistake:       	White=7     	Black=7      Inaccurate:     	White=2     	Black=2      OK:         	White=40    	Black=34     Best:        	White=4     	---        Strong:       	White=2     	Black=2} 1/2-1/2

[Event "Azerbaijan Men Championship 2024"]
[Site "Baku"]
[Date "2024.04.18"]
[Round "8.8"]
[White "Rustamov, Rustam"]
[Black "Aslanov, Umid"]
[Result "1-0"]
[ECO "B81"]
[WhiteElo "2261"]
[BlackElo "2239"]
[Annotator "TA"]
[PlyCount "105"]
[EventDate "2024.04.11"]
[EventType "swiss"]
[EventCountry "AZE"]
[SourceTitle "playchess.com"]
[Source "ChessBase"]
[SourceQuality "1"]
[TimeControl "40/5400+30:1800+30"]

1. e4 c5 2. Nf3 d6 3. d4 cxd4 4. Nxd4 Nf6 5. Nc3 a6 6. h3 e6 7. g4 Be7 8. g5 Nfd7 9. Be3 b5 {[%emt 0:00:27][%cal Ob5b4] White is slightly better.} (9... Bxg5 $6 10. Nxe6 fxe6 11. Qh5+ (11. Qxd6 $2 Qe7 $19) 11... g6 12. Qxg5 $16) 10. a3 Bb7 (10... Bxg5 11. Nxe6 fxe6 12. Qh5+ (12. Qxd6 $2 Qe7 $19) 12... g6 13. Qxg5 $16) 11. Qd2 Nc6 12. h4 O-O 13. O-O-O Qc7 (13... Nxd4 $11 {remains equal.} 14. Bxd4 (14. Qxd4 Rc8 $14) 14... Bc6) 14. h5 $16 Nc5 15. f3 (15. Nxc6 {simplifies} Bxc6 16. f3 Rfd8 17. Kb1) 15... Rab8 16. g6 {[%emt 0:09:49] Hoping for Nxc6.} (16. Nxc6 {simplifies} Qxc6 17. Kb1 Na4 18. Bd4) 16... b4 {[%emt 0:44:39] [#]} (16... Ne5 $16 {keeps fighting.}) 17. h6 $1 {[%emt 0:03:54] Black must now prevent gxh7+.} fxg6 {[%emt 0:01:19] [#]} 18. hxg7 (18. axb4 $1 $18 {and the rest is easy.} Nxb4 19. hxg7) 18... Rf7 (18... Rxf3 $16 {might work better.} 19. Qh2 (19. Nxf3 bxc3 20. Qxc3 Nxe4 $11) 19... h5 20. Nxf3 bxc3) 19. Nxc6 (19. Qh2 h5 20. axb4 (20. Nxc6 Bxc6 21. axb4 Qb6 $11) 20... Nxd4 $18) (19. axb4 $142 Nxb4 20. Qh2 Rxg7 21. Bc4) 19... bxc3 (19... Bxc6 $142 20. axb4 (20. Qh2 h5 $11) 20... Qb7 (20... Rxb4 21. Qh2 $16)) 20. Qh2 $2 (20. Nxe7+ $18 Qxe7 21. Qh2 (21. bxc3 Rc8 $18) (21. Qxc3 Rxf3 22. Rh3 Nxe4 $11) (21. Qxd6 Qxd6 22. Rxd6 Nxe4 $17)) 20... cxb2+ $14 21. Kb1 $1 {[%emt 0:00:42] Chess con chili.} h5 22. Nxe7+ (22. Nxb8 $14 Rxf3 23. Nxa6) 22... Rxe7 $15 23. Bxc5 (23. Rxd6 $2 Nxe4 24. fxe4 Bxe4 $19) (23. Qxd6 Na4 24. Qxc7 Rxc7 $17) 23... Qxc5 24. Qxd6 Qxd6 25. Rxd6 Kxg7 26. Rb6 Ree8 (26... Rf8 $17 27. Be2 e5 28. Kxb2 Rf6) 27. Bd3 $11 (27. Kxb2 $2 Bxe4 28. Rb3 Bxf3 $19 (28... Rxb3+ $2 29. cxb3 Bxf3 30. Rh3 $19)) 27... Rec8 28. Rg1 (28. Rxb2 a5 $15) (28. Kxb2 $2 Bxe4 29. Rxb8 Rxb8+ 30. Kc3 Rc8+ (30... Bxf3 $2 31. Rg1 $19) 31. Kd2 Bxf3 $19) 28... Bc6 29. Rxa6 e5 30. f4 Kh6 31. fxe5 (31. f5 $5 g5 $8 32. f6 $11) 31... Ra8 32. Rb6 Rxa3 33. Kxb2 (33. Rxb2 Ra5 (33... Rca8 34. Kc1 $15) 34. e6 Rca8) 33... Ra5 34. e6 Re5 35. e7 Rc7 36. c4 Be8 (36... Bxe4 37. Rbxg6+ (37. Bxe4 Rxe4 38. Rbxg6+ Kh7 $18) 37... Kh7 38. R6g5 (38. Rg7+ Kh8 $18) 38... Rb7+ 39. Kc3 Rxg5 40. Bxe4+ (40. e8=R Bxd3 41. Rxg5 Kh6 $18) 40... Kh6 41. e8=Q (41. e8=R Rxg1 42. Bxb7 Kg7 $18) (41. Rxg5 Rxe7 42. Rg6+ Kh7 43. Re6+ Kg7 44. Rxe7+ Kf6 45. Rb7 Kg5) 41... Rxg1 42. Qf8+ (42. Bxb7 Rg3+ 43. Kb4 Kg5 44. Qd8+ Kf5 45. Qd5+ Kf4 46. Qd6+ Kg4 47. Qg6+ Kh4) (42. Qh8+ Kg5 $18) 42... Kg5 43. Qf5+ (43. Bxb7 Ra1 $18) 43... Kh4 44. Bxb7 $18 (44. Qf6+ Kg4 $18)) 37. Kc3 Rcxe7 ({Much worse is} 37... Rexe7 38. e5 $16) 38. Kd4 Kg7 (38... Rg5 $1 $11 39. Rxg5 Kxg5) 39. c5 $14 h4 40. c6 {[%emt 0:00:00][%cal Oc6c7] Threatens to win with c7! White is more active.} Ra5 $2 ({Better is} 40... R5e6 $1 $14) 41. Rb7 $18 Ra7 42. Rxe7+ Rxe7 {[%emt 0:00:05][%mdl 4096] Endgame. KRB-KRB} 43. e5 {[%emt 0:02:06] Be4 would now be deadly.} h3 $2 (43... Ra7 44. Bb5 Ra8) 44. Be4 Ra7 (44... h2 $142 45. Rh1 Kh6 46. Rxh2+ Kg5) 45. Kc5 h2 46. Rh1 Ra2 47. Kd6 {[%emt 0:00:55] Threatening mate with c7.} Rd2+ 48. Bd5 {[%emt 0:01:44] White mates.} Bxc6 49. Kxc6 g5 50. e6 Kf8 51. Kd6 g4 52. e7+ Ke8 {[%emt 0:00:03] [#]} 53. Rxh2 $3 {[%emt 0:00:11][%mdl 512] Weighted Error Value: White=0.30/Black=0.45.  Loses game:     	---       	Black=2      Missed win:     	White=1     	---        Mistake:       	White=3     	Black=7      Inaccurate:     	White=2     	Black=4      OK:         	White=16    	Black=13     Best:        	White=4     	Black=2      Strong:       	White=1     	---} 1-0

[Event "Azerbaijan Men Championship 2024"]
[Site "Baku"]
[Date "2024.04.19"]
[Round "9.1"]
[White "Muradli, Mahammad"]
[Black "Gadimbayli, Abdulla"]
[Result "1/2-1/2"]
[ECO "E06"]
[WhiteElo "2555"]
[BlackElo "2489"]
[Annotator "TA"]
[PlyCount "97"]
[EventDate "2024.04.11"]
[EventType "swiss"]
[EventCountry "AZE"]
[SourceTitle "playchess.com"]
[Source "ChessBase"]
[SourceQuality "1"]
[TimeControl "40/5400+30:1800+30"]

1. Nf3 Nf6 2. c4 e6 3. g3 d5 4. d4 Be7 5. Bg2 O-O 6. Nc3 Nc6 {[%emt 0:06:21] E06: Closed Catalan: Early deviations.} 7. Ne5 {[%emt 0:05:16] The modern move.} Nxe5 8. dxe5 Nd7 9. cxd5 Nxe5 10. O-O exd5 11. Nxd5 Bd6 12. h3 $146 ({Predecessor:} 12. b3 c6 13. Ne3 Bc5 14. Qc2 Bd4 15. Bb2 Bxb2 16. Qxb2 Qf6 17. Qc2 Ng4 18. Nc4 {½-½ Wojtaszek,R (2668)-Aronian,L (2742) FIDE Grand Swiss 2023 (9)}) 12... c6 13. Nc3 Be6 14. b3 Qe7 15. Qc2 Nd7 16. Re1 Rad8 17. e4 Bc5 18. Bb2 Qg5 19. Ne2 Bb6 20. Rad1 Qc5 21. Qxc5 Nxc5 22. Bd4 Rd7 23. Bxc5 Rxd1 24. Rxd1 Bxc5 25. Nf4 g5 26. Nxe6 fxe6 27. Rd2 e5 28. Bf1 Rf6 29. Kg2 Kf8 30. Bc4 Bd4 31. Rc2 b5 32. Bd3 Ke7 33. Bf1 Kd6 34. Bd3 Rf8 35. Bf1 a6 36. a4 Rb8 37. Be2 c5 38. axb5 axb5 39. Ra2 {[%emt 0:00:00] [#]} Kc6 ({Black should play} 39... c4 $1 $17 40. bxc4 b4 41. Ra6+ Kc7) 40. Ra6+ Rb6 41. Ra7 c4 42. bxc4 b4 43. Ra5 (43. h4 $11 {remains equal.}) 43... b3 $17 44. Rb5 Rxb5 (44... h5 $17) 45. cxb5+ $11 Kc5 46. b6 (46. Kf3 $11 {keeps the balance.}) 46... Kxb6 $17 47. Bc4 b2 48. Bd3 Kc5 49. Kf1 1/2-1/2